 Dungeon Crawl Stone Soup version 0.16.0-5-g717f7e7 (console) character file.

7 gw the Digger (level 2, -3/19 HPs)
             Began as a Human Earth Elementalist on Mar 15, 2015.
             Slain by a kobold
             ... wielding a +1 whip of venom
              (5 damage)
             ... on level 1 of the Dungeon.
             The game lasted 00:00:23 (416 turns).

gw the Digger (Human Earth Elementalist)             Turns: 416, Time: 00:00:23

Health: -3/19      AC:  4    Str:  8    XL:     2   Next: 10%
Magic:  0/4        EV: 12    Int: 15    God:
Gold:   0          SH:  0    Dex: 13    Spells: 2 memorised, 2 levels left

rFire  . . .     SeeInvis .     a - +0 mace
rCold  . . .     Clarity  .     c - +0 robe
rNeg   . . .     SustAb   .     (no shield)
rPois  .         Gourm    .     (no helmet)
rElec  .         Spirit   .     (no cloak)
rCorr  .         Warding  .     (no gloves)
rMut   .         Stasis   .     (no boots)
MR     .....                    (no amulet)
Stlth  ++........               (no ring)
                                (no ring)

@: lethally poisoned (-3 -> -18), stone skin, very slightly contaminated, not
resistant to hostile enchantments, unstealthy
A: no striking features
a: no special abilities


You were on level 1 of the Dungeon.
You were not hungry.

You visited 1 branch of the dungeon, and saw 1 of its levels.

Inventory:

Hand weapons
 a - a +0 mace (weapon)
Missiles
 b - 20 stones (quivered)
Armour
 c - a +0 robe (worn)
Scrolls
 f - 3 scrolls of enchant weapon {unknown}
Potions
 g - a potion of might {unknown}
Books
 d - a book of Geomancy

   Spells                             Type                      Level
   a - Sandblast                      Earth                        1
   b - Stoneskin                      Transmutation/Earth          2
   c - Passwall                       Transmutation/Earth          3
   d - Stone Arrow                    Conjuration/Earth            3
   e - Petrify                        Transmutation/Earth          4
   f - Lee's Rapid Deconstruction     Earth                        5
Comestibles
 e - a bread ration


   Skills:
 + Level 0.2 Maces & Flails
 + Level 0.6 Armour
 - Level 2.0 Dodging
 - Level 2.0 Stealth
 * Level 2.2 Spellcasting
 - Level 1.0 Transmutations
 + Level 3.1 Earth Magic


You had 2 spell levels left.
You knew the following spells:

 Your Spells              Type           Power        Failure   Level  Hunger
a - Sandblast             Erth           ##....       8%          1    #......
b - Stoneskin             Trmt/Erth      #.......     14%         2    ###....


Dungeon Overview and Level Annotations

Branches:
Dungeon (1/15)

Altars:


Message History

Unknown command.
Unknown command.
ATTACK MOVE TO (-1,-1)
You hit the kobold but do no damage.
The kobold is moderately wounded.
The kobold hits you but does no damage.
You are lethally poisoned!
The kobold hits you but does no damage. The kobold hits you with a short sword.
The kobold barely misses you.
Unknown command.
Unknown command.
Unknown command.
Unknown command.
ATTACK MOVE TO (-1,-1)
You hit the kobold but do no damage.
The kobold is moderately wounded.
You feel sick. The kobold closely misses you.
The kobold hits you with a short sword.
The kobold hits you with a whip of venom.
You die...

#'# ..#..
.... (#
.#.. #.
..# .
gg#.#
#.###g#.#
#...KKKb#
#.###p#
#....(#
#....(#
##....#
#....#
#....#
#....#
#....#
#....#


You could see 2 hobgoblins, a goblin, a bat and 3 kobolds.

Table legend:
 A = Turns spent in this place as a percentage of turns spent in the entire game.
 B = Non-inter-level travel turns spent in this place as a percentage of non-inter-level travel turns spent in the entire game.
 C = Inter-level travel turns spent in this place as a percentage of turns spent in this place.
 D = Turns resting spent in this place as a percentage of non-inter-level travel turns spent in this place.
 E = Turns spent auto-exploring this place as a percentage of non-inter-level travel turns spent in this place.
 F = Non-inter-level travel turns spent in this place divided by the number of levels of this place that you've seen.
                   A       B       C       D       E      F
               +-------+-------+-------+-------+-------+----------------------
         Total | 100.0 | 100.0 |   0.0 |   3.2 |   2.6 | 505.0
       Dungeon | 100.0 | 100.0 |   0.0 |   3.2 |   2.6 | 505.0
               +-------+-------+-------+-------+-------+----------------------

Table legend:
 A = Kills in this place as a percentage of kills in entire the game.
 B = Kills by you in this place as a percentage of kills by you in the entire game.
 C = Kills by friends in this place as a percentage of kills by friends in the entire game.
 D = Other kills in this place as a percentage of other kills in the entire game.
 E = Experience gained in this place as a percentage of experience gained in the entire game.
 F = Experience gained in this place divided by the number of levels of this place that you have seen.
                   A       B       C       D       E      F
               +-------+-------+-------+-------+-------+----------------------
         Total | 100.0 | 100.0 |  -nan |  -nan | 100.0 |  11.0
       Dungeon | 100.0 | 100.0 |  -nan |  -nan | 100.0 |  11.0
               +-------+-------+-------+-------+-------+----------------------

Vanquished Creatures
  2 bats (D:1)
  A giant cockroach (D:1)
  2 hobgoblins (D:1)
  A kobold (D:1)
6 creatures vanquished.

Notes
Turn   | Place    | Note
--------------------------------------------------------------
     0 | D:1      | gw, the Human Earth Elementalist, began the quest for the Orb.
     0 | D:1      | Reached XP level 1. HP: 13/13 MP: 3/3
   247 | D:1      | Reached XP level 2. HP: 11/19 MP: 1/4
   384 | D:1      | Learned a level 2 spell: Stoneskin
   416 | D:1      | Slain by a kobold

Action                   || total
-------------------------++-------
Melee: Mace              ||    11
 Cast: Sandblast         ||    11
       Stoneskin         ||     1

Vault maps used:
D:1:      minmay_arrival_plants_in_alcoves, serial_bayou_pond_c, st_stairs_9,
          hangedman_abyss_or_decor_stabs, serial_bayou_pond_e,
          hangedman_decor_points
